 Dungeon Crawl Stone Soup version 0.27-a0-1342-ga99462a43c (webtiles) character file.

Game seed: 4112000600506990225

3074 Delamore the Covert (level 9, -2/61 HPs)
             Began as an Octopode Brigand on June 27, 2021.
             Was an Initiate of Gozag.
             Slain by an unseen horror (6 damage)
             ... on level 7 of the Dungeon.
             The game lasted 00:15:01 (10255 turns).

Delamore the Covert (Octopode Brigand)             Turns: 10255, Time: 00:15:02

Health: -2/61      AC:  1    Str: 11    XL:     9   Next: 88%
Magic:  0/8        EV: 15    Int: 13    God:    Gozag
Gold:   523        SH:  0    Dex: 22    Spells: 8/8 levels left

rFire    . . .     SeeInvis .   a - +3 dagger
rCold    . . .     Faith    .   (no shield)
rNeg     . . .     Spirit   +   (helmet restricted)
rPois    +         Reflect  .   f - amulet of guardian spirit
rElec    .         Harm     .   g - +6 ring of dexterity
rCorr    .         Rampage  .   n - ring of poison resistance
Will     .....                  (no ring)
Stlth    ++++++....             (no ring)
HPRegen  0.20/turn              (no ring)
MPRegen  0.11/turn              (no ring)
                                (no ring)
                                (no ring)

@: gold aura, hasted, very quick
A: almost no armour, amphibious, 8 rings, camouflage 1, gelatinous body 1,
(nimble swimmer 1), tentacles, antennae 1, low mp 1
a: Renounce Religion, Potion Petition, Call Merchant, Bribe Branch


You were on level 7 of the Dungeon.
You worshipped Gozag.
Gozag was pleased with you.
You visited 2 branches of the dungeon, and saw 8 of its levels.

You collected 900 gold pieces.
You paid 377 gold pieces to Gozag.

Inventory:

Hand Weapons
 a - a +3 dagger (weapon)
Missiles
 e - 5 poisoned darts (quivered)
Armour
 b - a +0 kite shield
Jewellery
 f - an amulet of guardian spirit (around mantle)
 g - a +6 ring of dexterity (left tentacle)
 n - a ring of poison resistance (right tentacle)
Scrolls
 c - a scroll of identify
Potions
 d - 3 potions of attraction
 h - 2 potions of magic
 i - a potion of degeneration


   Skills:
 - Level 5.0 Fighting
 - Level 10.0 Short Blades
 + Level 4.3 Throwing
 + Level 3.6 Dodging
 - Level 10.0 Stealth


You had 8 spell levels left.
You didn't know any spells.
Your spell library was empty.

Dungeon Overview and Level Annotations

Branches:
Dungeon (7/15)             Temple (1/1) D:6

Altars:
Ashenzari
Cheibriados
Dithmenos
Elyvilon
Fedhas
Gozag
Hepliaklqana
Kikubaaqudgha
Makhleb
Nemelex Xobeh
Okawaru
Qazlal
Ru
Sif Muna
Trog
Uskayaw
Vehumet
Wu Jian
Xom
Yredelemnul
Zin
The Shining One

Shops:
D:5 *


Innate Abilities, Weirdness & Mutations

You cannot wear most types of armour.
You are amphibious.
You can wear up to eight rings at the same time.
Your skin changes colour to match your surroundings (Stealth+).
Your rubbery body absorbs attacks. (AC +1, EV +1)
((You are camouflaged near water. (Stealth+)))
You have tentacles for arms and can constrict up to eight enemies at once.
You have a pair of small antennae on your head.
Your magical capacity is low. (-10% MP)


Message History

Press: ? - help, Q - select action, (/) - cycle Shift-Dir - straight line, f/p - killer bee
Aim: a killer bee (heavily wounded, very poisoned, 44% to hit)
You throw a poisoned dart. Something barely misses you.
You feel better. Something hits you!
* * * LOW HITPOINT WARNING * * *
Something hits you.
* * * LOW HITPOINT WARNING * * *
Okay, then.
You kill the killer bee!
Something hits you.
* * * LOW HITPOINT WARNING * * *
The killer bee is distracted by your dazzling golden aura.
The killer bee is no longer distracted by gold.
Something hits you.
* * * LOW HITPOINT WARNING * * *
You aren't carrying any items that you can evoke.
Unknown command.
Okay, then.
Okay, then. [a] - 440 gold - invisibility, might and haste [b] - 364 gold - heal wounds, curing and berserk rage [c] - 300 gold - heal wounds and haste Purchase which effect?
You no longer have enough gold to fund merchants seeking to open stores in the dungeon.
You feel much better.
You feel yourself speed up. Something hits you.
You hit something. You squeeze something! Something hits you!
* * * LOW HITPOINT WARNING * * *
You miss something. You squeeze something.
The killer bee is distracted by your dazzling golden aura.
Something barely misses you.
You hit something. You squeeze something. Something hits you.
* * * LOW HITPOINT WARNING * * *
You hit something. Something hits you!
* * * LOW HITPOINT WARNING * * *
You miss something.
The killer bee looks more healthy.
The killer bee is distracted by your dazzling golden aura.
Something hits you!
You die...
Your body crumbles into a pile of gold.

#.# ####.# #....# #.##.#
######.##.#####
#.............#
#.#.##.########
#.#.##.############..
#.#....@{yyyy.(.$....
#.#.##.######........
##.#.##.# #........
#.....#.# #........
#.)##.#.######........
###.>..)................
#.....))................
#.....#)#)#.#...######..##
#.#####.#.#.#.....


You could see 4 killer bees.

Vanquished Creatures
  Pikel (D:6)
  4 yaks
  A steam dragon (D:6)
  Menkaure (D:7)
  An orc warrior (D:5)
  3 black bears (D:5)
  3 centaurs (D:6)
  2 lemures (D:6)
  A kobold brigand (D:7)
  A bullfrog (D:5)
  2 gnoll sergeants (D:5)
  2 scorpions
  2 killer bees (D:7)
  2 wights
  A howler monkey (D:4)
  2 bullfrog zombies
  2 jellies (D:6)
  A hound (D:4)
  2 bullfrog skeletons
  A centaur skeleton (D:6)
  An orc priest (D:5)
  4 iguanas
  10 gnolls
  2 adders
  2 shadow imps
  3 white imps
  An ufetubus (D:6)
  4 dart slugs
  3 worms (D:2)
  3 orcs (D:4)
  5 ball pythons
  4 bats
  6 endoplasms
  2 giant cockroaches
  5 goblins
  5 hobgoblins
  6 jackals
  8 kobolds
  5 quokkas
  4 frilled lizards
  5 rats
123 creatures vanquished.

Notes
Turn   | Place    | Note
-------+----------+-------------------------------------------
     0 | D:1      | Delamore the Octopode Brigand began the quest for the Orb.
     0 | D:1      | Reached XP level 1. HP: 14/14 MP: 1/1
    80 | D:1      | Reached XP level 2. HP: 19/19 MP: 2/2
   356 | D:1      | Found a faded altar of an unknown god.
   592 | D:1      | Reached XP level 3. HP: 24/25 MP: 3/3
   810 | D:2      | Reached XP level 4. HP: 30/30 MP: 4/4
  1916 | D:3      | You fall into a shaft and drop 3 floors!
  1917 | D:6      | Noticed a centaur
  1919 | D:6      | Killed a centaur
  1920 | D:6      | Reached XP level 5. HP: 36/36 MP: 5/5
  1939 | D:6      | Found a staircase to the Ecumenical Temple.
  2001 | Temple   | Entered the Ecumenical Temple
  2117 | Temple   | Became a worshipper of Gozag Ym Sagoz the Greedy
  2150 | D:6      | Noticed a lemure
  2150 | D:6      | Noticed a lemure
  2153 | D:6      | Noticed a lemure
  2154 | D:6      | Noticed a lemure
  2155 | D:6      | Noticed Pikel
  2160 | D:6      | Found a glowing golden altar of the Shining One.
  2160 | D:6      | Found a shadowy altar of Dithmenos.
  2170 | D:6      | Noticed a centaur
  2172 | D:6      | Killed a centaur
  2173 | D:6      | Reached XP level 6. HP: 42/42 MP: 6/6
  2184 | D:5      | Entered Level 5 of the Dungeon
  2300 | D:5      | Noticed a black bear
  2342 | D:5      | Noticed a black bear
  3281 | D:4      | Noticed a necrophage
  3906 | D:4      | HP: 2/43 [gnoll (7)]
  4269 | D:4      | Reached XP level 7. HP: 44/48 MP: 7/7
  4447 | D:4      | You fall into a shaft and drop 1 floor!
  4448 | D:5      | Found Kinwio's General Store.
  5380 | D:4      | You fall into a shaft and drop 2 floors!
  5409 | D:5      | HP: 3/73 [bullfrog (4)]
  5744 | D:5      | Gained mutation: Your magical capacity is low. (-10% MP)
                  | [potion of mutation]
  5744 | D:5      | Gained mutation: You have a pair of small antennae on your
                  | head. [potion of mutation]
  5747 | D:5      | Reached skill level 10 in Stealth
  6390 | D:5      | Reached skill level 5 in Short Blades
  6390 | D:5      | Reached XP level 8. HP: 39/54 MP: 7/7
  6489 | D:5      | Reached skill level 5 in Fighting
  8445 | D:6      | Noticed a yak
  8445 | D:6      | Noticed a yak
  8447 | D:6      | Noticed a yak
  8447 | D:6      | Noticed a yak
  8472 | D:6      | Killed a yak
  8473 | D:6      | Reached XP level 9. HP: 61/61 MP: 8/8
  9802 | D:6      | Killed Pikel
  9803 | D:6      | Reached skill level 10 in Short Blades
 10193 | D:7      | Noticed Menkaure
 10196 | D:7      | Killed Menkaure
 10255 | D:7      | Slain by an unseen horror

Illustrated notes

Levels and vault maps discovered:
D:1:      psy_arrival_radial01, layout_rooms, basic_ecumenical_altar,
          minmay_ruptured
D:2:      layout_basic
D:3:      layout_loops_corners
D:4:      layout_loops_ring
D:5:      layout_cave_pods, serial_shops, shop, sword_in_stone
D:6:      layout_basic, jmf_multi_god_temple, temple_doors_cd, uniq_pikel
D:7:      layout_basic, uniq_menkaure
Temple:   regret_index_temple_chain_breaker

Skill      XL: |  1  2  3  4  5  6  7  8  9 |
---------------+----------------------------+-----
Stealth        | 6 7 8 9 10 | 10.0
Fighting       | 3 4 5 |  5.0
Short Blades   | 3 4 5 8 10 | 10.0
Throwing       | 4 |  4.3
Dodging        | 3 |  3.6

Action                   |  1- 3 |  4- 6 |  7- 9 || total
-------------------------+-------+-------+-------++-------
Melee: Dagger            |    35 |    71 |   227 ||   333
       Constrict         |     6 |    13 |    40 ||    59
       Tentacles         |     4 |    20 |    72 ||    96
Throw: Dart              |       |    13 |    36 ||    49
       Throwing net      |       |     2 |     1 ||     3
Invok: Potion Petition   |       |       |     1 ||     1
  Use: Scroll            |     3 |     4 |     4 ||    11
       Potion            |       |       |     5 ||     5
 Stab: Sleeping          |    13 |    14 |    17 ||    44
       Distracted        |     1 |       |       ||     1
       Held in net/web   |       |     1 |       ||     1
Armor: Skin              |     2 |     4 |     8 ||    14
Dodge: Dodged            |    11 |    40 |    97 ||   148

Table legend: (Time is in decaauts)
 A = Elapsed time spent in this place.
 B = Non-inter-level travel time spent in this place.
 C = Inter-level travel time spent in this place.
 D = Time resting spent in this place.
 E = Time spent auto-exploring this place.
 F = Levels seen in this place.
 G = Mean time per level.
                   A        B        C        D        E       F      G
               +--------+--------+--------+--------+--------+-----+--------+
         Total |  10166 |   9510 |    656 |   3378 |   4451 |   8 | 1270.8 |
       Dungeon |  10033 |   9396 |    637 |   3378 |   4340 |   7 | 1433.3 |
        Temple |    132 |    113 |     19 |      0 |    111 |   1 |  132.0 |
               +--------+--------+--------+--------+--------+-----+--------+

Top non-repeatable levels by time:
     D:5: 2663 daAuts
     D:4: 1995 daAuts
     D:3: 1838 daAuts
     D:6: 1393 daAuts
     D:2: 1239 daAuts
     D:1: 725 daAuts
     D:7: 178 daAuts
  Temple: 132 daAuts
